 Dungeon Crawl Stone Soup version 0.24.0-2-g5b39cebb1c (webtiles) character file.

Game seed: 7187822887151112992, levelgen mode: deterministic

16611 Mrkan the Grappler (level 12, -3/120 HPs)
             Began as a Troll Monk on Oct 31, 2019.
             Was a High Priest of Qazlal.
             Slain by a ten-headed hydra (4 damage)
             ... on level 4 of the Lair of Beasts.
             The game lasted 00:27:30 (11244 turns).

Mrkan the Grappler (Troll Monk)                    Turns: 11244, Time: 00:27:32

Health: -3/120     AC: 16    Str: 24    XL:     12   Next: 11%
Magic:  1/16       EV:  8    Int:  8    God:    Qazlal [*****.]
Gold:   1011       SH: 25    Dex: 12    Spells: 11/11 levels left

rFire    . . .     SeeInvis .     - Unarmed
rCold    . . .     Gourm    +   g - +1 large shield
rNeg     . . .     Faith    .   i - +0 troll leather armour
rPois    .         Spirit   .   (helmet restricted)
rElec    .         Reflect  .   (no cloak)
rCorr    .         Harm     .   (gloves unavailable)
MR       .....                  (boots unavailable)
Stlth    +.........             (no amulet)
HPRegen  1.10/turn              u - +5 ring of protection
MPRegen  0.15/turn              (no ring)

@: about to teleport, protected from physical damage, repel missiles
A: large, unfitting armour, claws 3, fast metabolism 3, gourmand, regeneration
1, shaggy fur 1, tough skin 3
a: Upheaval, Elemental Force, Disaster Area, Renounce Religion


You were on level 4 of the Lair of Beasts.
You worshipped Qazlal.
Qazlal was extremely pleased with you.
You were completely stuffed.

You visited 2 branches of the dungeon, and saw 15 of its levels.
You also visited: Ossuary.

You collected 1011 gold pieces.

Inventory:

Hand Weapons
 J - a +3 quarterstaff of speed
Missiles
 w - 265 stones (quivered)
 I - 7 silver javelins
 M - 2 large rocks
Armour
 d - a +0 robe of fire resistance
 g - a +1 large shield (worn)
 i - a +0 troll leather armour (worn)
Jewellery
 u - a +5 ring of protection (left claw)
 B - an uncursed ring of fire
 K - an uncursed ring of magical power
 O - a +3 ring of protection
 P - an uncursed amulet of regeneration {unknown}
Wands
 y - a wand of random effects (31)
 C - a wand of flame (40)
 F - a wand of clouds (5)
Scrolls
 a - a scroll of remove curse
 e - 2 scrolls of fog
 f - 4 scrolls of magic mapping
 l - 5 scrolls of teleportation
 o - 2 scrolls of enchant weapon
 q - 3 scrolls of fear
 s - 2 scrolls of blinking
 t - a scroll of holy word
 v - a scroll of vulnerability
 G - 2 scrolls of amnesia {unknown}
 N - 2 scrolls of identify
Potions
 c - 6 potions of curing
 h - a potion of heal wounds
 j - 2 potions of berserk rage
 k - 3 potions of mutation
 m - 2 potions of haste
 n - 3 potions of lignification
 p - 2 potions of might
 r - 3 potions of resistance {unknown}
 x - 5 potions of agility
 z - 2 potions of flight
 A - 6 potions of brilliance
 D - 2 potions of magic {unknown}
 E - a potion of ambrosia {unknown}
 H - a potion of degeneration {unknown}
Comestibles
 b - 23 rations


   Skills:
 + Level 8.2 Fighting
 - Level 2.4 Dodging
 - Level 1.0 Stealth
 + Level 7.7 Shields
 * Level 13.1 Unarmed Combat
 + Level 6.8 Invocations


You had 11 spell levels left.
You didn't know any spells.
Your spell library contained the following spells:

 Spells                   Type           Power        Failure   Level  Hunger
 Sandblast                Erth           #.....       94%         1    ##.....
 Passwall                 Tmut/Erth      #.......     98%         2    ###....
 Stone Arrow              Conj/Erth      #.....       100%        3    ####...
 Petrify                  Tmut/Erth      #.......     100%        4    #####..
 Lee's Rapid Deconstruct  Erth           #.........   100%        5    ######.


Dungeon Overview and Level Annotations

Branches:
Dungeon (11/15)            Temple (0/1) D:6            Lair (4/6) D:9
 Shoals (0/4) Lair:3      Ossuary (visited)
  Snake: Lair:2-4    Spider: Lair:2-4       Orc: D:9-12

Altars:
Elyvilon
Hepliaklqana
Makhleb
Qazlal
Sif Muna
Xom
Yredelemnul

Shops:
D:7 =}

Annotations:
Lair:1 3 runed translucent doors, Name63's ghost, novice GnNe
Lair:2 3 runed translucent doors, Beldrama's ghost, journeyman HOFi; Elebi's ghost, journeyman DrTm; Haxyobbu's ghost, journeyman MiFi


Innate Abilities, Weirdness & Mutations

You are too large for most types of armour.
You have claws for hands.
Your metabolism is lightning-fast.
You like to eat raw meat.
Your natural rate of healing is unusually fast.
You are covered in fur. (AC +1)
You have extremely tough skin. (AC +3)


Message History

The ten-headed hydra bites you!
* * * LOW HITPOINT WARNING * * *
You feel more protected from physical attacks.
The ten-headed hydra bites you!
* * * LOW HITPOINT WARNING * * *
The ten-headed hydra bites you but does no damage.
Okay, then.
As you read the scroll of teleportation, it crumbles to dust.
You feel strangely unstable. You block the spiny frog's attack.
The ten-headed hydra bites you but does no damage.
The ten-headed hydra bites you.
* * * LOW HITPOINT WARNING * * *
You block the ten-headed hydra's attack.
The ten-headed hydra bites you.
* * * LOW HITPOINT WARNING * * *
You block the ten-headed hydra's attack.
The ten-headed hydra bites you.
* * * LOW HITPOINT WARNING * * *
The ten-headed hydra bites you.
You die...

#.....÷....## .
##.........#.##.
..#.............P.
#...............P.
#P.............#.
###..........#.#
#......○≈.#####
###..##D#.#
#..#@#### ##.F## #
##☼.# ...
##P..#P..P.
#...FP...P.P
+.F....>P.P.P.P
#.#.....F...P.. .
##.......#P.P
#........P..


You could see a ten-headed hydra, a spiny frog, a blink frog and a bullfrog.

Vanquished Creatures
  A two-headed ogre (D:10)
  An unseen horror (D:10)
  Pikel (D:7)
  2 black mambas
  Joseph (D:7)
  5 spiny frogs
  A komodo dragon (Lair:3)
  A troll (D:10)
  A snapping turtle (Lair:3)
  2 hippogriffs
  6 blink frogs
  Sigmund (D:3)
  16 yaks
  A basilisk (Lair:1)
  2 wyverns
  8 water moccasins
  5 porcupines
  A black bear (D:9)
  A phantom (D:7)
  5 sky beasts
  6 orc warriors
  5 ogres
  An ice beast (D:9)
  A necrophage (Lair:1)
  5 wolves (Lair:1)
  2 centaurs
  9 crocodiles
  A big kobold (D:9)
  Blork the orc (D:4)
  12 bullfrogs
  3 scorpions
  11 killer bees
  A howler monkey (D:10)
  3 wights (D:9)
  An electric eel (Lair:3)
  3 bullfrog zombies
  4 crimson imps
  A centaur zombie (D:5)
  10 hounds
  2 human zombies (Ossuary)
  2 orc priests
  10 orc wizards
  A bullfrog skeleton (D:5)
  4 iguanas
  4 worker ants
  A killer bee zombie (D:10)
  2 big kobold zombies (Ossuary)
  2 hound skeletons
  4 mummies (Ossuary)
  A worker ant zombie (D:7)
  A howler monkey zombie (D:5)
  8 adders
  3 gnolls (D:9)
  3 shadow imps
  An adder zombie (Ossuary)
  An ooze (D:3)
  A worm zombie (D:4)
  2 adder skeletons (D:9)
  3 worms
  A dart slug (D:1)
  8 leopard geckos
  38 orcs
  3 ball pythons
  14 bats
  5 giant cockroaches
  2 gnoll zombies (Ossuary)
  6 goblins
  9 hobgoblins
  9 jackals
  3 quokkas
  3 frilled lizards
  A giant cockroach zombie (D:5)
  A jackal zombie (D:8)
  10 kobolds
  A kobold zombie (Ossuary)
  2 orc zombies (Ossuary)
  4 rats
  2 rat zombies (Ossuary)
  A fungus (Lair:3)
321 creatures vanquished.

Vanquished Creatures (others)
  2 fungi (Lair:4)
  A plant (Lair:4)
3 creatures vanquished.

Grand Total: 324 creatures vanquished

Notes
Turn   | Place    | Note
-------+----------+-------------------------------------------
     0 | D:1      | Mrkan the Troll Monk began the quest for the Orb.
     0 | D:1      | Reached XP level 1. HP: 22/22 MP: 0/0
   118 | D:1      | Reached XP level 2. HP: 29/29 MP: 1/1
  1027 | D:2      | Reached XP level 3. HP: 35/36 MP: 2/2
  1209 | D:2      | Reached skill level 1 in Shields
  1209 | D:2      | Reached skill level 4 in Unarmed Combat
  1209 | D:2      | Reached XP level 4. HP: 38/45 MP: 3/3
  1890 | D:3      | Reached XP level 5. HP: 42/53 MP: 4/4
  1907 | D:3      | Reached skill level 5 in Unarmed Combat
  1969 | D:3      | Noticed Sigmund
  1983 | D:3      | Killed Sigmund
  1983 | D:3      | Reached XP level 6. HP: 52/61 MP: 5/5
  2341 | D:4      | Noticed a fire elemental
  2352 | D:4      | Found a stormy altar of Qazlal.
  2353 | D:4      | Noticed an air elemental
  2353 | D:4      | Noticed a water elemental
  2358 | D:4      | Became a worshipper of Qazlal Stormbringer
  2358 | D:4      | Reached * piety under Qazlal
  2358 | D:4      | Reached ** piety under Qazlal
  2472 | D:4      | Found a sand-covered staircase.
  2481 | D:4      | Reached skill level 6 in Unarmed Combat
  2485 | Ossuary  | Entered an ossuary
  2504 | Ossuary  | Reached XP level 7. HP: 53/68 MP: 6/6
  3030 | D:5      | Entered Level 5 of the Dungeon
  3030 | D:5      | Noticed Blork the orc
  3055 | D:4      | Killed Blork the orc
  3515 | D:5      | Reached skill level 7 in Unarmed Combat
  3838 | D:5      | Reached XP level 8. HP: 79/79 MP: 7/7
  3898 | D:5      | Reached *** piety under Qazlal
  4177 | D:6      | Reached skill level 8 in Unarmed Combat
  4502 | D:6      | Found a staircase to the Ecumenical Temple.
  4519 | D:6      | Reached skill level 5 in Fighting
  4820 | D:7      | Noticed Joseph
  4880 | D:6      | Reached skill level 1 in Invocations
  4973 | D:7      | Killed Joseph
  4973 | D:7      | Reached XP level 9. HP: 75/88 MP: 7/9
  4999 | D:7      | Reached skill level 9 in Unarmed Combat
  5245 | D:7      | Found Ifuxabyp's Gadget Shop.
  5321 | D:7      | Reached **** piety under Qazlal
  5349 | D:7      | Found Ykkeof's Jewellery Shoppe.
  5475 | D:7      | Noticed Pikel
  5494 | D:7      | Killed Pikel
  5494 | D:7      | Reached skill level 5 in Shields
  6322 | D:9      | Found a staircase to the Lair.
  6331 | D:9      | Reached skill level 10 in Unarmed Combat
  6336 | Lair:1   | Entered Level 1 of the Lair of Beasts
  6614 | Lair:1   | Reached XP level 10. HP: 98/98 MP: 11/11
  6839 | D:9      | Reached ***** piety under Qazlal
  7192 | D:9      | Found a white marble altar of Elyvilon.
  7305 | D:9      | Found a shimmering altar of Xom.
  7306 | D:9      | Found a hazy altar of Hepliaklqana.
  7418 | D:9      | Found a basalt altar of Yredelemnul.
  7512 | D:9      | Found a shimmering blue altar of Sif Muna.
  7609 | D:9      | Reached skill level 11 in Unarmed Combat
  7698 | D:10     | Entered Level 10 of the Dungeon
  7702 | D:10     | Noticed a two-headed ogre
  7715 | D:10     | Killed a two-headed ogre
  7819 | D:10     | Reached skill level 5 in Invocations
  8093 | D:10     | Killed an unseen horror
  8093 | D:10     | Reached XP level 11. HP: 72/109 MP: 13/13
  8442 | D:10     | Found a burning altar of Makhleb.
  8775 | Lair:1   | Noticed Name63's ghost (novice GnNe)
  8776 | Lair:1   | Found a runed translucent gate.
  8776 | Lair:1   | Found a runed translucent gate.
  8776 | Lair:1   | Found a runed translucent gate.
  8776 | Lair:1   | Noticed a minotaur
  8889 | Lair:1   | Reached skill level 12 in Unarmed Combat
  9811 | Lair:2   | Found a runed translucent gate.
  9811 | Lair:2   | Found a runed translucent gate.
  9811 | Lair:2   | Found a runed translucent gate.
  9812 | Lair:2   | Noticed Beldrama's ghost (journeyman HOFi)
  9812 | Lair:2   | Noticed Haxyobbu's ghost (journeyman MiFi)
  9813 | Lair:2   | Noticed Elebi's ghost (journeyman DrTm)
 10452 | Lair:3   | Reached ****** piety under Qazlal
 10620 | Lair:3   | Found a staircase to the Shoals.
 10627 | Lair:3   | Reached XP level 12. HP: 95/119 MP: 14/16
 10734 | Lair:3   | Reached skill level 13 in Unarmed Combat
 11230 | Lair:4   | Noticed a six-headed hydra
 11244 | Lair:4   | HP: 6/120 [ten-headed hydra (5)]
 11244 | Lair:4   | HP: 1/120 [ten-headed hydra (5)]
 11244 | Lair:4   | Slain by a ten-headed hydra

Levels and vault maps discovered:
D:1:      dpeg_arrival_solitude, layout_basic
D:2:      layout_basic
D:3:      layout_loops_cross, uniq_sigmund
D:4:      layout_cave_pools, nicolae_qazlal_style_of_elements, first_ration,
          enter_ossuary_3
D:5:      minmay_clustersquares, layout_basic, uniq_blork_the_orc
D:6:      layout_loops_corners, minmay_temple_entry_glassed_door
D:7:      layout_basic, serial_shops, shop, shop_fountains, chequers_jeans,
          fountainhead, uniq_joseph, uniq_pikel
D:8:      layout_basic
D:9:      layout_big_octagon, kennysheep_ying_yang,
          regret_index_temple_of_mockery, led_sif_book, lair_entry_dummy,
          enter_bailey_2
D:10:     layout_irregular_city, basic_altar
D:11:     layout_grid_maze, grunt_tengu_nest, minmay_holes,
          chequers_hall_statues_corner_a, minivault_19
Lair:1:   layout_chaotic_city, maelrawn_ghost_gauntlet_escape,
          serial_bayou_shore_b
Lair:2:   layout_regular_city, gammafunk_ghost_cemetery
Lair:3:   layout_loops_ring, minmay_shoals_entry_hut, grunt_megastairs_5
Lair:4:   layout_roguey, minmay_snake_entry_guardpost_small, minmay_hedge_maze

Skill      XL: |  1  2  3  4  5  6  7  8  9 10 11 12 |
---------------+-------------------------------------+-----
Fighting       | 3 4 5 6 7 8 |  8.2
Shields        | 1 2 3 4 5 6 7 |  7.7
Unarmed Combat | 4 5 6 7 8 10 11 12 13 | 13.1
Invocations    | 1 3 5 6 |  6.8
Dodging        | |  2.4
Stealth        | |  1.0

Action                   |  1- 3 |  4- 6 |  7- 9 | 10-12 || total
-------------------------+-------+-------+-------+-------++-------
Melee: Unarmed           |    72 |   160 |   340 |   413 ||   985
Invok: Upheaval          |       |       |       |     5 ||     5
  Use: Scroll            |       |       |    22 |     8 ||    30
       Potion            |       |       |     1 |     3 ||     4
 Stab: Sleeping          |     3 |     3 |       |       ||     6
  Eat: Chunk             |    16 |    12 |    39 |    42 ||   109
Armor: Robe              |    40 |    54 |    68 |   108 ||   270
       Troll leather arm |       |       |       |    45 ||    45
Dodge: Dodged            |    21 |    36 |    74 |   108 ||   239
       Deflected         |       |       |     6 |       ||     6
Block: Large shield      |    45 |   106 |   378 |   611 ||  1140
